Map: Ever Dream LE

Players

Rick

  • Race: Terran Terran
  • League: Silver
  • Spawn Location: 7:00

antagomiR - Winner!

  • Race: Protoss Protoss
  • League: Gold
  • Spawn Location: 1:00

VOD

Have the link to the VOD?

Description

Time

  • Played on: April 4, 2020, 9:26 p.m.
  • Length: 16:58
Show
View Real Time Build Order
Export as new Build Order

Rick Terran 

Build Orders:  

Get SALT Encoding   

  12  0:01  SCV  
  13  0:13  SCV  
  14  0:20  Supply Depot  
  14  0:25  SCV  
  15  0:32  Refinery  
  15  0:42  SCV  
  16  0:46  Barracks  
  16  0:54  SCV  
  17  1:06  SCV  
  18  1:18  SCV  
  19  1:34  Supply Depot, Orbital Command  
  19  1:36  Reaper  
  20  2:09  SCV  
  21  2:20  Refinery  
  21  2:26  Marine  
  21  2:27  Command Center  
  22  2:32  Barracks  
  22  2:44  Marine  
  23  2:52  SCV  
  24  3:01  Marine  
  24  3:04  SCV  
  26  3:16  SCV  
  26  3:19  Marine  
  28  3:21  Barracks Tech Lab  
  28  3:27  Factory  
  28  3:28  SCV  
  29  3:35  Supply Depot  
  29  3:40  SCV  
  30  3:42  Orbital Command  
  30  3:46  Refinery  
  30  3:47  Combat Shield  
  30  3:50  Barracks Reactor  
  30  3:52  SCV  
  30  3:53  Marine  
  32  4:04  SCV, Engineering Bay  
  33  4:11  Marine  
  33  4:16  SCV  
  35  4:18  SCV  
  35  4:22  Factory Tech Lab  
  36  4:27  Starport  
  36  4:28  Marine  
  36  4:30  SCV  
  38  4:35  Supply Depot  
  38  4:36  SCV  
  39  4:42  SCV  
  39  4:44  Marine x2  
  42  4:46  Marine  
  42  4:48  SCV, Siege Tank  
  47  4:54  SCV  
  48  5:00  SCV  
  48  5:02  Marine x2  
  48  5:04  Marine, Sensor Tower  
  48  5:06  SCV, Stimpack  
  53  5:10  Starport Tech Lab  
  53  5:13  Factory  
  53  5:20  Siege Tank  
  56  5:23  Terran Infantry Weapons Level 1  
  56  5:32  Refinery  
  56  5:36  Sensor Tower  
  56  5:47  Marine x3  
  59  5:50  Medivac  
  61  6:05  Marine  
  62  6:37  Supply Depot  
  62  6:58  Marine x2  
  62  6:59  SCV, Medivac, Siege Tank  
  62  7:01  Supply Depot  
  70  7:05  Factory Tech Lab  
  70  7:07  Command Center  
  70  7:12  Marine  
  70  7:17  Terran Infantry Armor Level 1  
  70  7:22  Marine x2, SCV  
  73  7:23  Supply Depot  
  73  7:28  Medivac  
  75  7:30  Marine  
  75  7:34  SCV  
  77  7:40  Marine  
  78  7:44  Marine  
  78  7:46  Supply Depot  
  78  7:47  SCV  
  78  7:48  Marine  
  81  7:58  Marine  
  82  7:59  SCV  
  82  8:02  Marine  
  82  8:05  Armory  
  84  8:06  Marine  
  84  8:09  Supply Depot  
  85  8:15  Marine  
  86  8:20  Marine  
  86  8:24  Marine  
  88  8:30  Siege Tank x2  
  88  8:33  Marine  
  95  8:38  Marine  
  96  8:42  Marine, Missile Turret  
  97  8:51  Marine  
  98  8:55  Marine  
  98  8:59  Marine  
  98  9:02  Siege Tank x2  
  106  9:09  Marine  
  107  9:13  Marine, Orbital Command  
  108  9:17  Marine  
  109  9:25  Refinery  
  109  9:27  Refinery  
  109  9:31  Marine  
  75  10:11  Thor x2  
  75  10:12  Orbital Command  
  87  10:36  Marine x3  
  87  10:53  Thor  
  87  10:54  Marine x3, Thor  
  87  11:12  Marine x3  
  90  11:20  SCV  
  91  11:29  Marine  
  91  11:30  Marine x2  
  91  11:31  SCV  
  91  11:32  SCV  
  96  11:36  Thor x2  
  108  11:43  SCV  
  109  12:02  Terran Vehicle Weapons Level 1  
  109  12:14  Marine, SCV x2  
  112  12:19  Thor x2  
  124  12:26  SCV x2  
  126  12:33  Starport, Command Center  
  126  12:37  Starport  
  126  12:38  SCV x2  
  128  12:51  Missile Turret  
  128  12:53  Marine x3  
  131  13:03  Supply Depot  
  131  13:10  Marine x2  
  131  13:11  Missile Turret  
  133  13:19  Starport Tech Lab  
  133  13:25  Marine, SCV  
  133  13:26  Supply Depot  
  135  13:27  Starport Tech Lab  
  135  13:28  Marine x2  
  135  13:29  Viking  
  135  13:32  Missile Turret  
  139  13:37  SCV  
  140  13:43  Marine  
  140  13:44  Thor x2  
  140  13:46  Marine x2  
  140  13:48  Supply Depot  
  155  13:49  SCV  
  156  13:56  Refinery, Missile Turret, Planetary Fortress  
  156  13:58  Viking  
  156  14:00  Marine  
  156  14:01  SCV  
  160  14:13  SCV  
  161  14:18  Marine  
  144  14:28  Viking  
  55  14:58  Viking  
  35  15:22  Banshee x2  
  41  15:28  Viking  
  27  16:04  Banshee  
  27  16:05  Banshee  
  22  16:20  Hellion  
Show
View Real Time Build Order
Export as new Build Order

antagomiR Protoss - Winner!

Build Orders: Archon Immortal 

Get SALT Encoding   

  12  0:01  Probe  
  13  0:13  Probe  
  14  0:17  Pylon  
  14  0:36  Gateway  
  14  0:40  Probe  
  15  0:50  Assimilator  
  15  0:52  Probe  
  16  1:04  Probe  
  17  1:15  Assimilator  
  17  1:16  Probe  
  18  1:25  Cybernetics Core  
  18  1:28  Probe  
  19  1:41  Probe  
  19  1:44  Pylon  
  20  1:55  Warp Gate (Chrono Boost)  
  20  1:57  Probe  
  21  2:09  Probe  
  21  2:11  Robotics Facility  
  21  2:14  Adept (Chrono Boost)  
  21  2:22  Probe  
  24  2:34  Probe  
  25  2:38  Nexus  
  25  2:49  Probe  
  26  2:55  Pylon  
  26  3:01  Probe  
  27  3:13  Probe  
  27  3:15  Shield Battery  
  27  3:17  Observer  
  29  3:25  Probe  
  30  3:29  Gateway x2  
  30  3:37  Probe  
  30  3:39  Observer  
  30  3:40  Sentry  
  34  3:50  Probe  
  34  3:53  Probe  
  36  4:02  Probe  
  37  4:05  Probe  
  37  4:09  Immortal  
  42  4:12  Sentry  
  42  4:14  Probe  
  45  4:27  Probe x2  
  47  4:39  Probe x2  
  49  4:51  Probe x2  
  51  4:57  Twilight Council  
  51  5:00  Stalker  
  51  5:03  Probe  
  54  5:11  Assimilator  
  54  5:13  Assimilator  
  54  5:14  Pylon  
  54  5:16  Pylon  
  54  5:18  Pylon  
  54  5:28  Forge  
  54  5:31  Pylon  
  54  5:32  Probe x2, Immortal  
  54  5:34  Shield Battery  
  60  5:38  Sentry  
  60  5:39  Stalker x2  
  66  5:44  Probe x2  
  68  5:56  Probe x2  
  70  6:00  Protoss Ground Weapons Level 1 (Chrono Boost)  
  70  6:01  Pylon x2  
  70  6:04  Gateway x2  
  70  6:08  Probe x2  
  76  6:11  Immortal  
  76  6:20  Probe, Pylon  
  76  6:23  Pylon  
  76  6:24  Templar Archives  
  77  6:26  Charge (Chrono Boost)  
  77  6:32  Zealot x2  
  81  6:33  Zealot  
  83  6:45  Probe x2  
  85  6:50  Immortal  
  88  7:24  Nexus, Stalker  
  88  7:26  Pylon, Zealot x3  
  88  7:28  Pylon, Zealot  
  102  7:30  Immortal  
  102  7:47  Shield Battery  
  102  7:52  Photon Cannon  
  102  7:54  Photon Cannon  
  102  7:57  Photon Cannon  
  102  7:58  Zealot x4  
  110  8:08  Phoenix  
  110  8:09  Immortal  
  114  8:17  Assimilator  
  114  8:21  Assimilator  
  114  8:25  Pylon  
  114  8:27  Pylon  
  114  8:40  Probe x2  
  116  8:43  Probe  
  118  8:48  Observer  
  118  8:51  High Templar  
  118  8:52  Probe x2, High Templar x3  
  118  8:53  High Templar  
  118  8:55  Probe  
  131  8:56  Archon x2  
  131  9:09  Warp Prism  
  133  9:29  Gateway  
  133  9:30  Gateway  
  133  9:31  Gateway  
  133  9:33  Gateway  
  111  10:15  High Templar  
  111  10:16  High Templar x4  
  121  10:29  Nexus  
  121  10:30  Pylon  
  121  10:32  Pylon  
  121  10:38  Zealot x2  
  121  10:39  Zealot x2  
  129  10:52  Zealot x5  
  127  11:05  High Templar  
  127  11:06  High Templar  
  127  11:08  Immortal  
  129  11:16  Robotics Facility  
  129  11:17  Robotics Facility  
  129  11:23  Archon x3  
  125  11:47  Immortal  
  129  12:02  Probe x3  
  129  12:05  Shield Battery  
  129  12:07  Photon Cannon  
  132  12:09  Photon Cannon  
  132  12:12  Immortal x2, Photon Cannon  
  132  12:14  Probe  
  141  12:16  Assimilator  
  141  12:18  Assimilator  
  141  12:25  High Templar x2  
  141  12:26  Immortal, Zealot x2  
  141  12:27  Zealot x4  
  141  12:28  Zealot  
  163  12:36  Archon  
  161  12:51  Immortal x2  
  169  13:06  Immortal  
  173  13:30  Immortal x2  
  181  13:41  Zealot x3  
  183  13:42  Zealot  
  183  13:45  Immortal  
  193  14:15  Immortal  
  193  14:23  Immortal  
  195  14:33  Immortal  
  127  14:54  Immortal  
  125  15:03  Immortal  
  129  15:09  Zealot x3  
  129  15:11  Zealot x5  
  129  15:12  Zealot  
  129  15:13  Immortal  
  143  15:42  Immortal  
  95  16:37  Stalker x3  
  95  16:38  Stalker  
  95  16:39  Stalker x3  
  109  16:40  Photon Cannon, Stalker x2  
Tags
 
Composition
Archon Immortal
Matchup
PvT
Replay Pack
20200422
Spawn Locations
Cross Positions
Add a new tag
Caveats
  • Supply blocks, unpowered buildings, or Contaminate may cause inaccurate times.
  • Supply counts are checked every 10 seconds.